 Dungeon Crawl Stone Soup version 0.27.1-2-g3b301248ec (webtiles) character file.

Game seed: 582987880564864371

16618 Urokeeper the Blocker (level 12, -8/109 HPs)
             Began as a Deep Dwarf Fighter on Sept 24, 2021.
             Was an Elder of Wu Jian.
             Mangled by a redback (9 damage)
             ... on level 2 of the Lair of Beasts.
             The game lasted 00:54:30 (8558 turns).

Urokeeper the Blocker (Deep Dwarf Fighter)          Turns: 8558, Time: 00:54:31

Health: -8/109     AC:  8    Str: 24    XL:     12   Next: 11%
Magic:  4/4        EV: 12    Int: 10    God:    Wu Jian [****..]
Gold:   440        SH: 18    Dex: 12    Spells: 11/11 levels left

rFire    + . .     SeeInvis .   E - +4 flail (protect)
rCold    . . .     Faith    .   c - +0 kite shield
rNeg     . . .     Spirit   .   G - +4 ring mail
rPois    .         Reflect  +   (no helmet)
rElec    .         Harm     .   i - +0 cloak
rCorr    .         Rampage  .   (no gloves)
Will     +....                  (no boots)
Stlth    +.........             j - amulet of reflection
HPRegen  0.00/turn              U - ring of protection from cold
MPRegen  0.09/turn              r - ring of fire

@: lethally poisoned (-8 -> -46), corroded
A: damage resistance, heal wounds, sense surroundings 2, no regeneration
a: Heal Wounds, Renounce Religion, Wall Jump, Serpent's Lash


You were on level 2 of the Lair of Beasts.
You worshipped Wu Jian.
Wu Jian was greatly pleased with you.
You visited 3 branches of the dungeon, and saw 11 of its levels.
You also visited: Ossuary.

You collected 440 gold pieces.

Inventory:

Hand Weapons
 a - a +0 war axe
 q - a +2 whip of electrocution
 y - a +2 short sword of venom
 E - a +4 flail of protection (weapon)
 I - a +2 mace of draining
 K - a +1 vorpal hand axe
 L - the +7 flail of Midnight {freeze, Str+3}
   (You found it on level 6 of the Dungeon)

   It freezes those it strikes, dealing additional cold damage.
   It can also slow down cold-blooded creatures.
   Str:       It affects your strength (+3).
 P - a +6 war axe
 Q - a +4 scimitar of flaming
Missiles
 h - 2 throwing nets (quivered)
 x - 13 boomerangs
 W - 10 poisoned darts
Armour
 c - a +0 kite shield (worn)
 i - a +0 cloak (worn)
 v - a +0 plate armour
 G - a +4 ring mail (worn)
Magical Staves
 V - a staff of poison
Jewellery
 j - an amulet of reflection (around neck)
 l - an amulet of magic regeneration
 m - a +6 ring of intelligence
 r - a ring of fire (right hand)
 U - a ring of protection from cold (left hand)
 X - a ring of ice
Wands
 z - a wand of flame (13)
 B - a wand of charming (14)
 N - a wand of digging (6)
 O - a wand of paralysis (8)
Scrolls
 e - 5 scrolls of teleportation
 k - 2 scrolls of fear {unknown}
 o - 3 scrolls of magic mapping {unknown}
 s - 2 scrolls of acquirement {unknown}
 u - a scroll of enchant weapon
 w - 2 scrolls of enchant armour
 A - 2 scrolls of torment {unknown}
 F - a scroll of summoning {unknown}
 H - a scroll of vulnerability {unknown}
 J - a scroll of silence
 M - a scroll of holy word
 R - a scroll of fog {unknown}
 S - a scroll of brand weapon {unknown}
 T - a scroll of immolation {unknown}
Potions
 b - 2 potions of attraction {unknown}
 d - a potion of invisibility {unknown}
 f - 3 potions of curing {unknown}
 g - 5 potions of degeneration {unknown}
 n - 5 potions of brilliance {unknown}
 p - 4 potions of heal wounds {unknown}
 t - a potion of cancellation {unknown}
 C - 2 potions of haste {unknown}
 D - 4 potions of flight {unknown}
 Y - a potion of lignification {unknown}


   Skills:
 + Level 7.6 Fighting
 + Level 9.2(11.0) Axes
 + Level 9.2(10.6) Maces & Flails
 + Level 0.2 Throwing
 + Level 7.9 Armour
 + Level 6.6 Dodging
 + Level 2.6 Stealth
 + Level 11.5 Shields


You had 11 spell levels left.
You didn't know any spells.
Your spell library contained the following spells:

 Spells                   Type           Power      Damage    Failure   Level
 Foxfire                  Conj/Fire      0%         2x1d4     65%         1
 Blink                    Tloc           N/A        N/A       78%         2
 Corpse Rot               Necr/Air       N/A        N/A       78%         2
 Poisonous Vapours        Pois/Air       0%         N/A       78%         2
 Conjure Flame            Conj/Fire      0%         6-21      95%         3
 Dazzling Flash           Conj/Hex       0%         N/A       95%         3
 Inner Flame              Hex/Fire       0%         N/A       95%         3
 Iskenderun's Mystic Bla  Conj/Tloc      0%         2d3       100%        4
 Freezing Cloud           Conj/Ice/Air   0%         6-21      100%        5
 Manifold Assault         Tloc           0%         N/A       100%        5
 Starburst                Conj/Fire      0%         6d3       100%        6
 Storm Form               Tmut/Air       0%         N/A       100%        7


Dungeon Overview and Level Annotations

Branches:
Dungeon (8/15)             Temple (0/1) D:7            Lair (2/6) D:8
 Spider (1/4) Lair:2      Ossuary (visited)
  Swamp: Lair:2-4    Shoals: Lair:2-4

Altars:
Ashenzari
Dithmenos
Elyvilon
Hepliaklqana
Makhleb
Wu Jian
Yredelemnul

Shops:
D:2 ?


Innate Abilities, Weirdness & Mutations

You are resistant to damage.
You can heal yourself by infusing magical energy.
You passively map the area around you.
You do not regenerate.


Message History

You block the redback's attack.
You closely miss the redback.
The redback is severely wounded.
* * * LOW HITPOINT WARNING * * *
You feel extremely sick. The redback bites you.
* * * LOW HITPOINT WARNING * * *
You are more poisoned.
The redback poisons you! You block the redback's attack.
You feel much better.
* * * LOW HITPOINT WARNING * * *
You feel extremely sick. The redback barely misses you.
You block the redback's attack.
The redback bites you but does no damage.
You feel much better.
* * * LOW HITPOINT WARNING * * *
You feel extremely sick. The redback bites you!
* * * LOW HITPOINT WARNING * * *
You are more poisoned.
The redback poisons you! You block the redback's attack. The redback bites you!
* * * LOW HITPOINT WARNING * * *
You feel much better.
* * * LOW HITPOINT WARNING * * *
You feel extremely sick.
The entropy weaver points at you and mumbles some strange words.
The entropic weave corrodes you! The redback bites you.
You block the redback's attack. The redback misses you.
You feel much better.
* * * LOW HITPOINT WARNING * * *
You feel extremely sick. You block the redback's attack.
The redback barely misses you. The redback bites you.
* * * LOW HITPOINT WARNING * * *
You closely miss the redback.
The redback is severely wounded.
* * * LOW HITPOINT WARNING * * *
You feel extremely sick. The redback bites you!
You die...

...........#.# *, ,
.........##### * ,
.##.....## * ** * ,,
####.#..# , ≈ ## ##...#
, , * * .#####..# , ,
..#....### ## * , , , *
.......###.#.##### ,
,,* *
.......##..+.>Bs@# * *
.......##..≈...≈s# ,##
, , ,
.......###.≈≈≈≈≈.# #..
.......##...≈≈≈..##..##
, *
........##.##.##.#^#..#
,
.........#...#.#^#^...#
**,,,*
.........#.#.#...#^..#
* .......#.....^.^....#
........#.^...^#....# *


You could see an entropy weaver and 2 redbacks.

Vanquished Creatures
  2 hydras
  Erica (D:8)
  An orb spider (Lair:2)
  10 elephants
  A black mamba (Lair:1)
  7 cane toads
  A demonic crawler (Lair:1)
  5 blink frogs (Lair:2)
  13 yaks
  A steam dragon (D:7)
  Edmund (D:5)
  2 swamp worms (Lair:1)
  6 water moccasins
  2 orc warriors
  A black bear (D:8)
  7 wolves
  3 necrophages
  4 ogres
  2 centaurs
  A phantom (D:6)
  9 bullfrogs
  4 elf zombies
  3 scorpions
  A gnoll sergeant (D:7)
  A water moccasin zombie (D:5)
  2 elf skeletons (D:6)
  5 wights (D:8)
  2 howler monkeys (D:5)
  A bullfrog zombie (D:5)
  5 centaur zombies
  A jelly (D:6)
  6 hounds
  2 bullfrog skeletons
  2 orc priests
  A centaur skeleton (D:6)
  An iguana (D:6)
  4 orc wizards
  A scorpion zombie (D:5)
  A killer bee zombie (D:7)
  2 mummies (Ossuary)
  16 gnolls
  7 adders
  2 adder zombies (Ossuary)
  An adder skeleton (D:4)
  2 worms
  3 dart slugs
  47 orcs
  8 endoplasms
  4 giant cockroaches
  6 goblins
  4 hobgoblins
  16 jackals
  6 quokkas
  7 ball pythons
  8 bats
  6 frilled lizards
  A goblin skeleton (D:7)
  8 hobgoblin zombies (Ossuary)
  A jackal zombie (Ossuary)
  11 kobolds
  8 kobold zombies (Ossuary)
  2 orc skeletons (D:6)
  10 orc zombies (Ossuary)
  3 rats (D:1)
  2 rat zombies (Ossuary)
314 creatures vanquished.

Vanquished Creatures (others)
  9 fungi
  53 plants
62 creatures vanquished.

Grand Total: 376 creatures vanquished

Notes
Turn   | Place    | Note
-------+----------+-------------------------------------------
     0 | D:1      | Urokeeper the Deep Dwarf Fighter began the quest for the
                  | Orb.
     0 | D:1      | Reached XP level 1. HP: 20/20 MP: 1/1
   162 | D:1      | Reached XP level 2. HP: 27/27 MP: 2/2
   687 | D:1      | Reached XP level 3. HP: 26/33 MP: 3/3
   710 | D:1      | You fall into a shaft and drop 1 floor!
   765 | D:2      | Found a faded altar of an unknown god.
   777 | D:2      | Reached skill level 4 in Shields
   813 | D:2      | Reached XP level 4. HP: 39/40 MP: 3/3
   919 | D:2      | Found Tyst's Magic Scroll Shop.
  1459 | D:3      | Found a hazy altar of Hepliaklqana.
  1681 | D:3      | Reached skill level 1 in Dodging
  2086 | D:4      | Noticed an ogre
  2169 | D:4      | Found a white marble altar of Elyvilon.
  2223 | D:4      | Found a broken altar of Ashenzari.
  2274 | D:4      | Reached XP level 5. HP: 41/49 MP: 4/4
  2357 | D:4      | Killed an ogre
  2624 | D:4      | Noticed an ogre
  2628 | D:4      | Reached XP level 6. HP: 54/56 MP: 5/5
  2636 | D:4      | Reached skill level 5 in Axes
  3005 | D:5      | Entered Level 5 of the Dungeon
  3044 | D:4      | Reached skill level 1 in Stealth
  3113 | D:5      | Reached skill level 5 in Shields
  3113 | D:5      | Reached XP level 7. HP: 56/62 MP: 6/6
  3120 | D:5      | Reached skill level 5 in Armour
  3148 | D:5      | You fall into a shaft and drop 1 floor!
  3471 | D:6      | Reached XP level 8. HP: 48/72 MP: 5/5
  3667 | D:6      | Reached skill level 6 in Shields
  3696 | D:6      | Found a sand-covered staircase.
  3725 | Ossuary  | Entered an ossuary
  4338 | D:5      | Noticed Edmund
  4345 | D:5      | Reached skill level 5 in Fighting
  4379 | D:5      | Killed Edmund
  4380 | D:5      | Gained mutation: You passively map the area around you.
                  | [Deep Dwarf growth]
  4380 | D:5      | Reached XP level 9. HP: 55/81 MP: 6/6
  4396 | D:5      | Found an ornate altar of the Wu Jian Council.
  4449 | D:5      | Became a worshipper of the Wu Jian Council
  4455 | D:5      | Found a burning altar of Makhleb.
  4492 | D:5      | Reached skill level 1 in Maces & Flails
  4791 | D:5      | Reached * piety under Wu Jian
  4797 | D:5      | Reached skill level 7 in Shields
  5235 | D:5      | Reached ** piety under Wu Jian
  5370 | D:6      | Identified the +7 flail of Midnight {freeze, Str+3}
  5433 | D:7      | Found a runed translucent door.
  5444 | D:7      | Found a basalt altar of Yredelemnul.
  5758 | D:7      | Found a staircase to the Ecumenical Temple.
  5864 | D:7      | Found a shadowy altar of Dithmenos.
  6308 | D:8      | Reached skill level 8 in Shields
  6311 | D:8      | Noticed Erica
  6320 | D:8      | Reached skill level 5 in Maces & Flails
  6343 | D:8      | Killed Erica
  6344 | D:8      | Reached XP level 10. HP: 74/88 MP: 6/6
  6448 | D:8      | Found a staircase to the Lair.
  6487 | Lair:1   | Entered Level 1 of the Lair of Beasts
  6513 | Lair:1   | Noticed a cane toad
  6522 | Lair:1   | Noticed a cane toad
  6534 | Lair:1   | Killed a cane toad
  6551 | Lair:1   | Killed a cane toad
  6631 | Lair:1   | Noticed a cane toad
  6853 | Lair:1   | Killed a cane toad
  6854 | Lair:1   | Reached skill level 9 in Shields
  6920 | Lair:1   | Reached *** piety under Wu Jian
  7111 | Lair:1   | Noticed a cane toad
  7128 | Lair:1   | Killed a cane toad
  7148 | Lair:1   | Noticed a cane toad
  7163 | Lair:1   | Killed a cane toad
  7229 | Lair:1   | Noticed a six-headed hydra
  7241 | Lair:1   | Killed a six-headed hydra
  7242 | Lair:1   | Reached XP level 11. HP: 50/97 MP: 6/6
  7304 | Lair:1   | Reached skill level 5 in Dodging
  7323 | Lair:1   | Reached skill level 10 in Shields
  7997 | Lair:2   | Reached skill level 11 in Shields
  8139 | Lair:2   | Reached **** piety under Wu Jian
  8153 | Lair:2   | Noticed a four-headed hydra
  8175 | Lair:2   | Killed a four-headed hydra
  8176 | Lair:2   | Reached XP level 12. HP: 78/109 MP: 6/6
  8469 | Lair:2   | Found a hole to the Spider Nest.
  8516 | Spider:1 | Entered Level 1 of the Spider Nest
  8516 | Spider:1 | Noticed an entropy weaver
  8558 | Lair:2   | HP: 1/109 [poisoned by a redback]
  8558 | Lair:2   | Mangled by a redback

Illustrated notes

Levels and vault maps discovered:
D:1:      denvon_arrival_hothouse, layout_basic, st_stairs_5, minmay_hedge_maze,
          grunt_decor_one_mirror, minmay_pentomino_z4
D:2:      layout_basic, shapermc_ecumenical_altar_totnotflames, serial_shops,
          shop_statue
D:3:      layout_loops_cross, nicolae_overflow_hidden_temple
D:4:      minmay_chambers_of_twos, layout_loops_ring, elyvilon_altar_5,
          nicolae_ashenzari_panopticon, grunt_ministairs_15
D:5:      lemuel_castle_with_subvaults [lemuel_castle_interior_carwin_3],
          layout_rooms, mainiacjoe_overflow_catch_the_wave, uniq_edmund
D:6:      layout_gridville, nicolae_ossuary_entry_catacombs, patterned_corridor
D:7:      layout_basic, grunt_dithmenos_smoke, dk_yredelemnul_ordeal,
          minmay_temple_entry_trees
D:8:      layout_loops_corners, grunt_lair_entry_orc_guard_hut, feat_on_display,
          uniq_erica
Lair:1:   layout_cave_pods, fungi_pond_lemuel, worms_lemuel,
          infiniplex_staircase_pool_2, lemuel_fruit_tree, serial_bayou_shore_b
Lair:2:   layout_cave_pods, nicolae_swamp_entry_splash_gauntlet,
          nicolae_spider_entry_orb_guardian
Spider:1: layout_spider_delve, uniq_kirke, uniq_agnes, uniq_nikola

Skill      XL: |  1  2  3  4  5  6  7  8  9 10 11 |
---------------+----------------------------------+-----
Armour         | 4 5 6 7 |  7.9
Shields        | 4 5 6 8 9 11 | 11.5
Axes           | 3 4 5 6 8 9 |  9.2
Fighting       | 3 4 5 6 7 |  7.6
Dodging        | 1 2 3 4 6 |  6.6
Stealth        | 1 2 |  2.6
Maces & Flails | 5 7 9 |  9.2
Throwing       | |  0.2

Action                   |  1- 3 |  4- 6 |  7- 9 | 10-12 || total
-------------------------+-------+-------+-------+-------++-------
Melee: War axe           |   135 |   158 |   374 |    35 ||   702
       Flail             |       |       |   236 |   470 ||   706
Throw: Dart              |       |       |       |     2 ||     2
       Throwing net      |       |       |       |     2 ||     2
Invok: Lunge             |       |       |    10 |     7 ||    17
       Whirlwind         |       |       |     3 |    35 ||    38
       Serpent's Lash    |       |       |       |     1 ||     1
 Abil: Heal Wounds       |     1 |     4 |    17 |    33 ||    55
       Wall Jump         |       |       |       |     2 ||     2
  Use: Scroll            |       |       |     4 |     1 ||     5
       Potion            |       |       |       |     1 ||     1
Armor: Scale mail        |    67 |    25 |       |       ||    92
       Chain mail        |       |    36 |    42 |       ||    78
       Plate armour      |       |       |   190 |       ||   190
       Ring mail         |       |       |    49 |   211 ||   260
Dodge: Dodged            |    46 |    22 |   143 |   219 ||   430
Block: Kite shield       |    86 |   128 |   605 |   543 ||  1362
       Reflection        |       |     2 |     9 |     2 ||    13
